 Dungeon Crawl Stone Soup version 0.28-a0-1395-g4f6bc678fa (webtiles) character file.

Game seed: 11703457778656948410

40 vineage the Skirmisher (level 3, -3/25 HPs)
             Began as a Gargoyle Fighter on Jan 4, 2022.
             Slain by a goblin (5 damage)
             ... led by Robin
             ... on level 2 of the Dungeon.
             The game lasted 00:01:16 (1798 turns).

vineage the Skirmisher (Gargoyle Fighter)           Turns: 1798, Time: 00:01:16

Health: -3/25      AC: 10    Str: 19    XL:     3   Next: 50%
Magic:  3/3        EV:  9    Int:  8    God:
Gold:   49         SH:  4    Dex: 11    Spells: 2/2 levels left

rFire   . . .      SeeInvis .   a - +0 flail
rCold   . . .      Faith    .   c - +0 buckler
rNeg    + . .      Spirit   .   b - +0 scale mail
rPois   ∞          Reflect  .   (no helmet)
rElec   +          Harm     .   (no cloak)
rCorr   .          Rampage  .   (no gloves)
Will    .....                   (no boots)
Stlth   ..........              (no amulet)
HPRegen 0.08/turn               (no ring)
MPRegen 0.08/turn               (no ring)

@: mighty
A: sickness immunity, AC +3, negative energy resistance 1, electricity
resistance, torment resistance 1, petrification resistance
a: no special abilities


You were on level 2 of the Dungeon.
You visited 1 branch of the dungeon, and saw 2 of its levels.

You collected 49 gold pieces.

Inventory:

Hand Weapons
 a - a +0 flail (weapon)
Armour
 b - a +0 scale mail (worn)
 c - a +0 buckler (worn)
Scrolls
 e - a scroll of teleportation
 g - 3 scrolls of identify


   Skills:
 + Level 4.9 Fighting
 - Level 2.0 Maces & Flails
 - Level 3.2 Armour
 - Level 3.2 Shields


You had 2 spell levels left.
You didn't know any spells.
Your spell library was empty.

Dungeon Overview and Level Annotations

Branches:
Dungeon (2/15)

Altars:


Innate Abilities, Weirdness & Mutations

You are immune to sickness and miasma.
Your stone body is resilient. (AC +3)
You are immune to poison.
You resist negative energy. (rN+)
You are resistant to electric shocks. (rElec)
You are resistant to unholy torment.
You are immune to petrification.


Message History

Robin hits you with a +0 club. Robin throws the goblin at you!
You hit Robin but do no damage.
Robin is lightly wounded.
The goblin hits you but does no damage. Robin hits you with a +0 club.
You closely miss Robin.
Robin is lightly wounded.
The goblin no longer looks unusually strong.
The goblin hits you but does no damage. Robin hits you but does no damage.
A goblin comes into view. It is wielding a +0 dagger.
The goblin shouts!
You hit Robin.
Robin is heavily wounded.
Robin hits you but does no damage. The goblin barely misses you.
Robin roars a battlecry!
The goblins go into a battle-frenzy!
The goblin hits you with a +0 club.
You hit Robin.
Robin is heavily wounded.
The goblin barely misses you. Robin hits you with a +0 club.
* * * LOW HITPOINT WARNING * * *
You feel very mighty all of a sudden. The goblin hits you with a +0 club.
* * * LOW HITPOINT WARNING * * *
Robin throws the goblin at you!
It was a potion of curing.
You feel better.
The goblin no longer looks unusually strong.
The hobgoblin no longer looks unusually strong.
The goblin barely misses you. The goblin closely misses you.
Robin roars a battlecry!
The goblins go into a battle-frenzy!
You sock Robin!
You kill Robin!
The goblin hits you with a +0 dagger.
* * * LOW HITPOINT WARNING * * *
The goblin barely misses you. The goblin hits you with a +0 dagger.
* * * LOW HITPOINT WARNING * * *
You barely miss the hobgoblin.
The hobgoblin no longer looks unusually strong.
The hobgoblin barely misses you. The goblin hits you with a +0 club.
You die...

.###..###.. .
.........$.#.#
#..(.....#.#.# #
#........#... .# #
#..##...^#[# ..
#.#.........)#.#g#
#.....###.ggg)ggg#
#....#..#g######
#......#@#
###.####gg..# #.#
####.# #.# .. #<#
$.# #.## .# #..# #
##.# #.#


You could see 3 hobgoblins and 3 goblins.

Vanquished Creatures
  Robin (D:2)
  A dart slug (D:1)
  3 endoplasms (D:1)
  6 goblins
  A hobgoblin (D:1)
  4 ball pythons (D:1)
  5 frilled lizards (D:1)
  4 kobolds (D:1)
  5 rats (D:1)
30 creatures vanquished.

Notes
Turn   | Place    | Note
-------+----------+-------------------------------------------
     0 | D:1      | vineage the Gargoyle Fighter began the quest for the Orb.
     0 | D:1      | Reached XP level 1. HP: 14/14 MP: 1/1
   258 | D:1      | Reached XP level 2. HP: 19/20 MP: 2/2
   288 | D:1      | Reached skill level 4 in Fighting
  1429 | D:1      | Reached XP level 3. HP: 10/24 MP: 3/3
  1778 | D:2      | Noticed Robin
  1797 | D:2      | Killed Robin
  1798 | D:2      | Slain by a goblin

Illustrated notes

Levels and vault maps discovered:
D:1:      minmay_arrival_three_doors, layout_basic
D:2:      layout_loops_cross, hellmonk_ecumenical_altar_lost_god, uniq_robin,
          uniq_natasha, uniq_sigmund

Skill      XL: |  1  2 |
---------------+-------+-----
Fighting       | 4 |  4.9
Maces & Flails | |  2.0
Armour         | |  3.2
Shields        | |  3.2

Action                   || total
-------------------------++-------
Melee: Flail             ||   104
  Use: Potion            ||     2
       Scroll            ||     1
Armor: Scale mail        ||    58
Dodge: Dodged            ||    63
Block: Buckler           ||    18

Table legend: (Time is in decaauts)
 A = Elapsed time spent in this place.
 B = Non-inter-level travel time spent in this place.
 C = Inter-level travel time spent in this place.
 D = Time resting spent in this place.
 E = Time spent auto-exploring this place.
 F = Levels seen in this place.
 G = Mean time per level.
                   A        B        C        D        E       F      G
               +--------+--------+--------+--------+--------+-----+--------+
         Total |   1829 |   1791 |     38 |      0 |   1572 |   2 |  914.5 |
       Dungeon |   1829 |   1791 |     38 |      0 |   1572 |   2 |  914.5 |
               +--------+--------+--------+--------+--------+-----+--------+

Top non-repeatable levels by time:
     D:1: 1778 daAuts
     D:2: 51 daAuts
